cohdb
Replays
Latest Replays
All Replays
Popular Replays
Top Player Replays
Match Explorer
How It Works
Community
CoH3 Stats
Reddit
Sign in to upload your games and track your stats! →
Sign in with Steam
Match 41674641
Unlisted
Match 41674641
Overview
Messages
Build Orders
End
Kradschützen Motorcycle Team
Selects Panzerjäger Kommand Battlegroup
Selects Mine Fields
Panzerpioneer Squad
Kradschützen Motorcycle Team
Panzergrenadier Squad
Construct Light Support Kompanie
2.5-tonne Medical Truck
MG34 Team
Fire Support Elements
Flakvierling Half-track
Panzerjäger Mechanized Group
Vehicle Survival Package
Selects Defensive Positions
Selects Tank Busters
Panzerpioneer Squad
Construct Panzerarmee Kommand
Selects Butterfly Bomb Drop
Butterfly Bomb Drop
Panzer III L Medium Tank
Panzerjäger Squad
Armored Reserves
Selects Crew Shock Tactics
Panzer IV Assault Group
Butterfly Bomb Drop
Emergency Repair Kits
Butterfly Bomb Drop
Crew Shock Tactics
Selects Anti-tank Overwatch
Anti-tank Overwatch
只愛❤毛妹
August von Parseval
0
0
Comments
sign in to comment!
No comments posted yet!